Map: Cyber Forest LE

Players

Reynor - Winner!

  • Race: Zerg Zerg
  • Spawn Location: 5:00

goblin

  • Race: Protoss Protoss
  • Spawn Location: 11:00

Event: 2019 WCS Spring

VOD

Have the link to the VOD?

Description

Time

  • Played on: May 19, 2019, 9:42 a.m.
  • Length: 5:17

All games in this series

Show
View Real Time Build Order
Export as new Build Order

Reynor Zerg - Winner!

Build Orders: Pool First 

Get SALT Encoding   

  12  0:00  Drone  
  13  0:12  Overlord  
  13  0:17  Drone  
  14  0:30  Drone x2  
  14  0:34  Drone  
  17  0:45  Extractor, Drone  
  17  0:51  Spawning Pool  
  17  0:55  Drone  
  17  1:06  Drone  
  18  1:22  Hatchery  
  17  1:26  Drone  
  18  1:38  Zergling x4  
  20  1:41  Queen  
  22  1:48  Metabolic Boost  
  22  1:55  Overlord  
  22  2:01  Extractor, Drone  
  23  2:15  Zergling x2  
  23  2:21  Zergling x2  
  25  2:32  Zergling x2  
  25  2:34  Spine Crawler  
  25  2:35  Spine Crawler  
  25  2:36  Zergling x2, Spine Crawler  
  24  2:43  Zergling x2  
  24  2:45  Zergling x2  
  24  2:49  Zergling x6  
  28  2:56  Zergling x4  
  29  3:06  Zergling x4  
  30  3:15  Queen  
  30  3:16  Zergling x2  
  32  3:21  Zergling x2  
  32  3:23  Zergling x2  
  32  3:25  Zergling x2  
  35  3:28  Zergling x2  
  36  3:38  Zergling x2  
  34  3:42  Zergling x4  
  34  3:49  Zergling x4  
  34  3:50  Zergling x2  
  34  3:54  Zergling x2  
  34  3:55  Zergling x2  
  35  3:58  Zergling x2  
  34  4:03  Zergling x2  
  34  4:09  Zergling x2  
  35  4:18  Overlord  
  34  4:25  Zergling x4  
  34  4:28  Zergling x2  
  34  4:33  Zergling x2  
  34  4:34  Zergling x2  
  34  4:35  Zergling x2  
  34  4:40  Zergling x4  
  32  4:46  Zergling x2  
  32  4:50  Zergling x2  
  30  4:53  Zergling x2  
Show
View Real Time Build Order
Export as new Build Order

goblin Protoss 

Build Orders: 1 Gate Expand 

Get SALT Encoding   

  12  0:00  Probe  
  13  0:12  Probe  
  14  0:19  Pylon  
  14  0:24  Probe  
  15  0:33  Probe  
  15  0:38  Gateway  
  15  0:42  Probe  
  16  0:46  Assimilator  
  17  0:54  Probe  
  18  1:06  Probe  
  19  1:21  Nexus  
  19  1:24  Probe  
  20  1:34  Cybernetics Core  
  20  1:37  Probe  
  21  1:43  Assimilator  
  21  1:50  Probe  
  21  1:53  Pylon  
  22  2:01  Probe  
  22  2:02  Stalker  
  23  2:09  Probe  
  26  2:16  Robotics Facility  
  26  2:18  Probe  
  26  2:21  Warp Gate  
  27  2:32  Adept  
  27  2:33  Probe x2  
  31  2:44  Probe  
  31  2:45  Probe  
  33  2:53  Gateway  
  33  3:02  Sentry  
  33  3:03  Immortal  
  35  3:11  Shield Battery  
  38  3:22  Pylon  
  38  3:32  Cybernetics Core, Immortal  
  31  4:02  Shield Battery  
  28  4:15  Sentry  
  30  4:18  Shield Battery  
  30  4:30  Immortal  
  28  5:03  Probe  
  28  5:04  Probe  
  25  5:09  Gateway  
Tags
 
Add a new tag
Caveats
  • Supply blocks, unpowered buildings, or Contaminate may cause inaccurate times.
  • Supply counts are checked every 10 seconds.